 Dungeon Crawl Stone Soup version 0.29-a0-362-g5854e031c7 (webtiles) character file.

Game seed: 7801196281700706165

116 bastard the Vexing (level 4, -3/23 HPs)
             Began as a Spriggan Enchanter on Apr 29, 2022.
             Slain by an ufetubus (5 damage)
             ... on level 3 of the Dungeon.
             The game lasted 00:05:48 (5085 turns).

bastard the Vexing (Spriggan Enchanter)             Turns: 5085, Time: 00:05:48

Health: -3/23      AC:  1    Str:  4    XL:     4   Next: 70%
Magic:  6/9        EV: 17    Int: 18    God:
Gold:   218        SH:  0    Dex: 15    Spells: 3/8 levels left

rFire   . . .      SeeInvis +   a - +1 dagger
rCold   . . .      Faith    .   i - orb {guile}
rNeg    . . .      Spirit   .   b - +0 robe
rPois   .          Reflect  .   (helmet restricted)
rElec   .          Harm     .   (no cloak)
rCorr   .          Rampage  .   (gloves unavailable)
Will    .....                   (boots unavailable)
Stlth   +++.......              (no amulet)
HPRegen 0.07/turn               (no ring)
MPRegen 0.11/turn               (no ring)

@: confusing by touch, very quick
A: very small, no large weapons, unfitting armour, see invisible, speed 3,
deformed body, robust 1
a: no special abilities


You were on level 3 of the Dungeon.
You visited 1 branch of the dungeon, and saw 4 of its levels.

You collected 218 gold pieces.

Inventory:

Hand Weapons
 a - a +1 dagger (weapon)
Armour
 b - a +0 robe (worn)
 i - an orb of guile (worn)
Scrolls
 g - 4 scrolls of identify
Potions
 c - 3 potions of invisibility
 d - 2 potions of curing
 e - a potion of flight
 f - a potion of might
 h - 2 potions of cancellation


   Skills:
 - Level 1.1 Short Blades
 - Level 2.6 Dodging
 + Level 4.8 Stealth
 - Level 2.6 Spellcasting
 - Level 6.5 Hexes


You had 3 spell levels left.
You knew the following spells:

 Your Spells              Type           Power      Damage    Failure   Level
a - Ensorcelled Hibernat  Hex/Ice        28%        N/A       7%          2
b - Confusing Touch       Hex            25%        N/A       3%          3

Your spell library contained the following spells:

 Spells                   Type           Power      Damage    Failure   Level
 Tukima's Dance           Hex            25%        N/A       3%          3
 Dazzling Flash           Conj/Hex       28%        N/A       13%         3
 Summon Guardian Golem    Hex/Summ       14%        N/A       13%         3
 Summon Small Mammal      Summ           8%         N/A       17%         1
 Call Canine Familiar     Summ           2%         N/A       45%         3


Dungeon Overview and Level Annotations

Branches:
Dungeon (4/15)
 Temple: D:4-7

Altars:
Qazlal
Ru
Trog
Uskayaw
The Shining One

Shops:
D:1 =

Annotations:
D:4 Ijyb


Innate Abilities, Weirdness & Mutations

You are very small and have problems with some larger weapons.
You are too small for most types of armour.
You have supernaturally acute eyesight. (SInv)
You cover ground extremely quickly. (Speed+++)
Armour fits poorly on your strangely shaped body.
You are robust. (+10% HP)


Message History

The ufetubus is lightly wounded.
The ufetubus barely misses you. x2; The ufetubus misses you.
The ufetubus completely misses you.
You hit the ufetubus.
The ufetubus is heavily wounded.
The ufetubus hits you. The ufetubus barely misses you.
You barely miss the ufetubus.
The ufetubus is heavily wounded.
The ufetubus completely misses you. The ufetubus barely misses you.
The ufetubus completely misses you. The ufetubus barely misses you.
You hit the ufetubus but do no damage.
The ufetubus is heavily wounded.
The ufetubus misses you. The ufetubus hits you.
You are too injured to fight recklessly!
You are too injured to fight recklessly!
The lemure misses you. The lemure hits you!
* * * LOW HITPOINT WARNING * * *
There is a stone staircase leading up here.
The ufetubus closely misses you. The ufetubus misses you.
You climb upwards.
There is a stone staircase leading down here.
Casting: Ensorcelled Hibernation (safe; 7% risk of failure)
Confirm with . or Enter, or press ? or * to list all spells.
You can't see any susceptible monsters within range! (Use Z to cast anyway.)
Casting: Ensorcelled Hibernation (safe; 7% risk of failure)
Confirm with . or Enter, or press ? or * to list all spells.
The spell is quite dangerous to miscast (3% risk of failure)!
Continue anyway? [Y]es or [N]o only, please.
The spell is quite dangerous to miscast (3% risk of failure)!
Continue anyway? [Y]es or [N]o only, please.
The spell is quite dangerous to miscast (3% risk of failure)!
Continue anyway? [Y]es or [N]o only, please.
The spell is quite dangerous to miscast (3% risk of failure)!
Continue anyway?
Your hands begin to glow red.
The ufetubus barely misses you. The ufetubus misses you.
You hit the ufetubus but do no damage.
The ufetubus is heavily wounded.
The ufetubus hits you.
You die...

### ### #.#######.#
#.........############
#.#######.##.......... #.#
#.##.########.
###.#######.#.........#.
##..>..5@....#....####.#.
#....######..#.......#.#.
#..#..# #..#.......#.#.
#####..#..# ###..#.......#.#.
#.........###.#..#..####.#...
#.............#..#.....#...#.
#.>......####.#..........#.#.
#........##..............#.#.
#.........#.##...............


You could see an ufetubus.

Vanquished Creatures
  2 adders
  3 gnolls (D:3)
  2 worms (D:3)
  A dart slug (D:3)
  4 bats
  2 endoplasms (D:2)
  3 giant cockroaches (D:3)
  4 goblins
  5 hobgoblins
  3 jackals (D:1)
  6 kobolds
  10 quokkas
  6 ball pythons
  2 frilled lizards (D:1)
  5 rats
58 creatures vanquished.

Notes
Turn   | Place    | Note
-------+----------+-------------------------------------------
     0 | D:1      | bastard the Spriggan Enchanter began the quest for the Orb.
     0 | D:1      | Reached XP level 1. HP: 9/9 MP: 5/5
   199 | D:1      | Reached skill level 4 in Hexes
   435 | D:1      | Reached XP level 2. HP: 5/13 MP: 6/6
   447 | D:1      | Learned a level 2 spell: Ensorcelled Hibernation
   819 | D:1      | Found Igre's Jewellery Shop.
  1221 | D:2      | Reached skill level 5 in Hexes
  1538 | D:2      | Reached XP level 3. HP: 6/16 MP: 5/8
  2693 | D:2      | Learned a level 3 spell: Confusing Touch
  2725 | D:2      | Gained mutation: Armour fits poorly on your strangely
                  | shaped body. [potion of mutation]
  2725 | D:2      | Gained mutation: You are robust. (+10% HP) [potion of
                  | mutation]
  2793 | D:3      | Found a sacrificial altar of Ru.
  2863 | D:3      | Reached skill level 6 in Hexes
  2863 | D:3      | Reached XP level 4. HP: 23/23 MP: 6/9
  2953 | D:3      | Found a hide-covered altar of Uskayaw.
  2953 | D:3      | Found a bloodstained altar of Trog.
  3015 | D:3      | Found a glowing golden altar of the Shining One.
  3123 | D:3      | Found a stormy altar of Qazlal.
  3309 | D:3      | Noticed a floating eye
  3310 | D:3      | Found a faded altar of an unknown god.
  3314 | D:3      | Noticed a shining eye
  3314 | D:3      | Noticed a floating eye
  3314 | D:3      | Noticed a floating eye
  4596 | D:4      | Noticed a lemure
  4597 | D:4      | Noticed Ijyb
  4597 | D:4      | Noticed a lemure
  5085 | D:3      | Slain by an ufetubus

Illustrated notes

Levels and vault maps discovered:
D:1:      minmay_arrival_up_and_down, layout_rooms, serial_shops,
          nicolae_lakefront_shop
D:2:      layout_basic
D:3:      layout_basic, lemuel_crystal_altar, mainiacjoe_overflow_chevrons,
          mainiacjoe_overflow_brackets, gammafunk_temple_overflow_pools,
          hellmonk_ecumenical_altar_watching_god, gup_sewer_entry_bubbles
D:4:      layout_loops_ring, minmay_misc_feat_tiny, uniq_ijyb, uniq_pikel,
          uniq_sigmund

Skill      XL: |  1  2  3 |
---------------+----------+-----
Hexes          | 4 5 6 |  6.5
Short Blades   | |  1.1
Dodging        | |  2.6
Stealth        | |  4.8
Spellcasting   | |  2.6

Action                   |  1- 3 |  4- 6 || total
-------------------------+-------+-------++-------
Melee: Dagger            |   124 |    90 ||   214
       Punch             |     1 |       ||     1
 Cast: Ensorcelled Hiber |     7 |    13 ||    20
       Confusing Touch   |       |     1 ||     1
  Use: Scroll            |     8 |     2 ||    10
       Potion            |     1 |       ||     1
 Stab: Sleeping          |    19 |    10 ||    29
Armor: Robe              |     7 |     1 ||     8
Dodge: Dodged            |    89 |    68 ||   157

Table legend: (Time is in decaauts)
 A = Elapsed time spent in this place.
 B = Non-inter-level travel time spent in this place.
 C = Inter-level travel time spent in this place.
 D = Time resting spent in this place.
 E = Time spent auto-exploring this place.
 F = Levels seen in this place.
 G = Mean time per level.
                   A        B        C        D        E       F      G
               +--------+--------+--------+--------+--------+-----+--------+
         Total |   4070 |   3951 |    119 |      0 |   3288 |   4 | 1017.5 |
       Dungeon |   4070 |   3951 |    119 |      0 |   3288 |   4 | 1017.5 |
               +--------+--------+--------+--------+--------+-----+--------+

Top non-repeatable levels by time:
     D:3: 1736 daAuts
     D:2: 1324 daAuts
     D:1: 864 daAuts
     D:4: 144 daAuts
